 Dungeon Crawl Stone Soup version 0.31-a0-609-g7bf6ffcfed (webtiles) character file.

Game seed: 13716054857217946720

114 thirtiethelement the Trooper (level 4, -4/35 HPs)
             Began as a Demonspawn Cinder Acolyte on Aug 22, 2023.
             Was a High Priest of Ignis.
             Killed by divine providence
             ... invoked by an orc priest
              (13 damage)
             ... on level 3 of the Dungeon.
             The game lasted 00:04:40 (2943 turns).

thirtiethelement the Trooper (DsCA)                 Turns: 2943, Time: 00:04:42

Health: -4/35      AC:  3    Str: 14    XL:     4   Next: 66%
Magic:  0/6        EV: 11    Int: 17    God:    Ignis [*****.]
Gold:   162        SH:  4    Dex:  9    Spells: 4/6 levels left

rFire   + . .        a - -1 hand axe (flame)
rCold   . . .        (no shield)
rNeg    . . .        d - +0 leather armour
rPois   +            (helmet restricted)
rElec   .            (no cloak)
rCorr   .            (no gloves)
SInv    .            (no boots)
Will    .....        (no amulet)
Stlth   +            e - ring of poison resistance
HPRegen 0.25/turn    (no ring)
MPRegen 0.10/turn

%: no passive effects
@: no status effects
A: horns 2, condensation shield
a: Renounce Religion, Fiery Armour, Foxfire Swarm, Rising Flame


You were on level 3 of the Dungeon.
You worshipped Ignis.
Ignis was extremely pleased with you.
You visited 1 branch of the dungeon, and saw 3 of its levels.

You collected 162 gold pieces.

Inventory:

Hand Weapons
 a - a -1 hand axe of flaming (weapon)
Armour
 d - a +0 leather armour (worn)
Jewellery
 e - a ring of poison resistance (left hand)
Scrolls
 b - a scroll of fog {unknown}
 f - a scroll of enchant armour {unknown}
Potions
 c - a potion of attraction {unknown}


   Skills:
 + Level 3.5 Fighting
 + Level 2.9 Axes
 + Level 0.3 Armour
 + Level 2.0 Dodging
 + Level 0.1 Stealth
 + Level 1.7 Spellcasting
 + Level 3.3 Fire Magic


You had 4 spell levels left.
You knew the following spells:

 Your Spells              Type           Power      Damage    Failure   Level
a - Scorch                Fire           24%        2d6       10%         2

Your spell library contained the following spells:

 Spells                   Type           Power      Damage    Failure   Level


Dungeon Overview and Level Annotations

Branches:
Dungeon (3/15)

Altars:
Ashenzari


Innate Abilities, Weirdness & Mutations

You have a pair of horns on your head.
A meltable shield of frost defends you. (SH +4)


Message History

The orc is almost dead.
You block the orc's attack.
You barely miss the orc.
The orc is almost dead.
You barely miss the orc priest. The orc priest misses you.
The orc closely misses you.
You barely miss the orc. Your headbutt misses the orc.
The orc is almost dead.
You closely miss the orc priest. The orc priest misses you.
The orc hits you with a +1 dagger of holy wrath.
You convulse.
You hit the orc. You burn the orc.
You kill the orc!
You hit the orc priest. You burn the orc priest.
The orc priest hits you but does no damage.
You barely miss the orc priest.
The orc priest is moderately wounded.
The orc priest closely misses you.
The orc priest casts a cantrip, but nothing happens.
You completely miss the orc priest.
The orc priest is moderately wounded.
The orc priest calls down the wrath of Beogh upon you.
Beogh smites you!
You hit the orc priest. You burn the orc priest.
Your headbutt misses the orc priest.
The orc priest is heavily wounded.
The orc priest hits you but does no damage.
You hit the orc priest. You burn the orc priest.
The orc priest is severely wounded.
The orc priest invokes the aid of Beogh against you.
Pain shoots through your body!
* * * LOW HITPOINT WARNING * * *
Casting: Scorch (safe; 10% risk of failure)
Confirm with . or Enter, or press ? or * to list all spells.
Flames lash the orc priest.
The orc priest is almost dead.
The orc priest's fire resistance burns away.
The orc priest invokes the aid of Beogh against you.
Beogh smites you!
You die...

##.#.# #.. .).. #.#
##..# #.# #...# .# #.#
#..# .# #.# ##.# #.##
#.# #)# #...#+ #.####
#o######.....## #..>.##
#)@............
##.###.###.###..........
####.##
##.##.#.##....#....
##.#...#
##.#.#(.##.......#
#....#.#
#...#...'.......+
##.###.#
##.#.#.[##.......# #.#
.. ##.##.#.##....#....
#.#
P..#.##..#..#..##+##..
#.# P.##.....##[#.## .


You could see an orc priest (combustible).

Vanquished Creatures
  Jessica (D:3)
  2 adders (D:2)
  A worm (D:2)
  2 dart slugs (D:2)
  4 orcs (D:3)
  3 ball pythons
  3 endoplasms
  3 giant cockroaches
  4 goblins
  4 hobgoblins (D:2)
  10 jackals
  5 kobolds
  A quokka (D:2)
  4 bats
  5 frilled lizards
  3 rats
55 creatures vanquished.

Notes
Turn   | Place    | Note
-------+----------+-------------------------------------------
     0 | D:1      | thirtiethelement the Demonspawn Cinder Acolyte began the
                  | quest for the Orb.
     0 | D:1      | Reached XP level 1. HP: 18/18 MP: 2/2
   166 | D:1      | Gained mutation: You have a pair of small horns on your
                  | head. [demonic ancestry]
   166 | D:1      | Reached XP level 2. HP: 5/24 MP: 3/3
   169 | D:1      | Learned a level 2 spell: Scorch
  1452 | D:2      | Gained mutation: You have a pair of horns on your head.
                  | [demonic ancestry]
  1452 | D:2      | Reached XP level 3. HP: 9/29 MP: 1/4
  2169 | D:2      | Reached skill level 1 in Dodging
  2169 | D:2      | Gained mutation: A meltable shield of frost defends you.
                  | (SH +4) [demonic ancestry]
  2169 | D:2      | Reached XP level 4. HP: 35/35 MP: 1/6
  2680 | D:3      | Noticed Jessica
  2686 | D:3      | Killed Jessica
  2849 | D:3      | Found a broken altar of Ashenzari.
  2943 | D:3      | Killed from afar by an orc priest

Illustrated notes

Levels and vault maps discovered:
D:1:      evilmike_arrival_hilbert_curve, layout_loops_corners, serial_aquarium,
          aquarium_bridge_island_small [aquarium_subvault_small_open,
          aquarium_subvault_wall, aquarium_subvault_bridge,
          aquarium_subvault_wall, aquarium_subvault_bridge],
          aquarium_window_fake, aquarium_window_fake, aquarium_view_2c,
          aquarium_view_2c, aquarium_balcony_3a, aquarium_pool_2
D:2:      layout_basic
D:3:      layout_loops_ring, mainiacjoe_overflow_alcove_2,
          mainiacjoe_overflow_alcove_3, minmay_pentangle, uniq_jessica

Skill      XL: |  1  2  3  4 |
---------------+-------------+-----
Fire Magic     | 3 |  3.3
Dodging        | 1 2 |  2.0
Fighting       | |  3.5
Axes           | |  2.9
Armour         | |  0.3
Stealth        | |  0.1
Spellcasting   | |  1.7

Action                     |  1- 3 |  4- 6 || total
---------------------------+-------+-------++-------
  Melee: Hand axe          |    79 |     9 ||    88
         Headbutt          |    10 |     1 ||    11
         Punch             |     1 |       ||     1
   Cast: Scorch            |    27 |    14 ||    41
 Armour: Robe              |     7 |       ||     7
         Leather armour    |    21 |     2 ||    23
  Dodge: Dodged            |    68 |     4 ||    72
  Block: Other             |       |     1 ||     1

Table legend: (Time is in decaauts)
 A = Elapsed time spent in this place.
 B = Non-inter-level travel time spent in this place.
 C = Inter-level travel time spent in this place.
 D = Time resting spent in this place.
 E = Time spent auto-exploring this place.
 F = Levels seen in this place.
 G = Mean time per level.
                   A        B        C        D        E       F      G
               +--------+--------+--------+--------+--------+-----+--------+
         Total |   2956 |   2874 |     82 |     60 |   2488 |   3 |  985.3 |
       Dungeon |   2956 |   2874 |     82 |     60 |   2488 |   3 |  985.3 |
               +--------+--------+--------+--------+--------+-----+--------+

Top non-repeatable levels by time:
     D:1: 1428 daAuts
     D:2: 1263 daAuts
     D:3: 264 daAuts
